← All builds
Beach sea / Cortex / Economy first / OBSERVED BUILD

Standard beach sea

The role's usual play: com goes to sea to build a shipyard around 2 minutes, pumping frigates and destroyers to contest enemy sea entry or hold vision, with an advanced metal extractor around 10 minutes as the transition into the team's…

Usually shipyard first (94%)

#naval #eco · 797 distinct matches · 106 players · 84% of Cortex Beach sea games · team won 55% of 860 · Recently observed

HOW TO PLAY IT

Key timing: Shipyard by 1:57

  1. Open 3 mex and wind while com heads straight to sea.
  2. Drop Shipyard fast, before 2:00, to seize early sea presence.
  3. Push "frigate" out to contest enemy sea entry or hold vision.
  4. Add "destroyer" as the fleet grows.
  5. Transition into Advanced Metal Extractor to catch up on eco.

Phase by phase

TYPICAL OF ITS 797 GAMES
  1. 1
  2. 2
  3. 3
PLAY THE OPENING

Follow the example game's first 6:00 step by step: what to build now, what comes next, and where it goes. At 1× it keeps pace with your own game.

  1. 1

    Up to the Shipyard

    Economy
    • Metal Extractor3Mex
    • Wind Turbine3Windfor allies
    • Wind Turbine2Wind
    • Energy Storage1Energy storage
    Order
    1. ShipyardShipyard after 3 mex, 2 wind, 1 energy storagedone ~1:57, middle half 1:45–2:08

    By 1:41 in all: 3 mex · 2 wind · 1 energy storage

    The example game in this phase · 5 steps
    1. Mex ×3
    2. Wind ×3for Air
    3. GuardGuard
    4. Tidal
    5. ShipyardShipyarddone 1:44 · typical 1:57
  2. 2

    Shipyard to 5:00

    Economy
    • Metal Extractor5Mex
    • Tidal Generator2Tidal
    Builders
    • Construction Ship2 Con ship
    Army
    • Riptide2 Frigate
    • Herring1 Missile corvette
    • Oppressor1 Destroyer
    Other
    • Naval Radar / Sonar Tower1 Naval Radar / Sonar Tower

    Some games also: Urchin (43%) · wind (40%) · submarine (39%) · gunboat (36%) · con turret (35%)

    By 5:00 in all: 8 mex · 3 wind · 2 tidal · 1 energy storage

    The example game in this phase · 22 steps
    1. Construction ShipCon ship
    2. Tidal
    3. Construction ShipCon ship
    4. Tidal ×2
    5. Mex
    6. Tidal
    7. HerringMissile corvette
    8. SupporterGunboat
    9. Mex
    10. SupporterGunboat
    11. Mex
    12. SupporterGunboat ×2
    13. Naval Radar / Sonar TowerNaval Radar / Sonar Tower
    14. SupporterGunboat ×3
    15. Mex
    16. SupporterGunboat
    17. Mex
    18. OrcaSubmarinedone 4:27
    19. SentrySentry
    20. UrchinUrchin
    21. OrcaSubmarine
    22. SentrySentry
  3. 3

    5:00 to 10:00

    Economy
    • Metal Extractor1Mex
    • Wind Turbine10Wind
    Builders
    • Death Cavalry1 Death Cavalry
    • Construction Ship1 Con ship
    Army
    • Urchin1 Urchin
    • Riptide5 Frigate
    • Oppressor2 Destroyer
    • Herring2 Missile corvette
    Other
    • Naval Radar / Sonar Tower1 Naval Radar / Sonar Tower

    Some games also: Naval Construction Turret (48%) · Guard (47%) · Radar Tower (40%) · tidal (38%) · con turret (35%)

    By 10:00 in all: 9 mex · 12 wind · 4 wind · 4 tidal · 1 energy storage · 1 Naval Construction Turret

    The example game in this phase · 95 steps
    1. OrcaSubmarine
    2. Mex
    3. Wind
    4. Naval Radar / Sonar TowerNaval Radar / Sonar Tower
    5. Wind
    6. Mex
    7. OrcaSubmarine
    8. Wind
    9. SentrySentry
    10. SupporterGunboat ×2
    11. Wind
    12. SupporterGunboat ×2
    13. SentrySentry
    14. JellyfishJellyfish
    15. SupporterGunboat
    16. Wind
    17. SupporterGunboat ×2
    18. Construction ShipCon ship
    19. Wind
    20. SupporterGunboat ×2
    21. Death CavalryDeath Cavalry
    22. Wind
    23. SupporterGunboat
    24. Wind
    25. SupporterGunboat
    26. OrcaSubmarine
    27. GuardGuard
    28. Con turret
    29. OrcaSubmarine
    30. Naval Radar / Sonar TowerNaval Radar / Sonar Tower
    31. OrcaSubmarine
    32. Death CavalryDeath Cavalry
    33. Naval Radar / Sonar TowerNaval Radar / Sonar Tower
    34. Death CavalryDeath Cavalry
    35. Wind
    36. Naval Construction Turret
    37. Naval Radar / Sonar TowerNaval Radar / Sonar Tower
    38. Wind
    39. UrchinUrchin
    40. Wind ×3
    41. Naval Energy Storage
    42. Advanced Metal ExtractorT2 mexdone 10:31 · typical 9:57
    43. Wind
    44. HerringMissile corvette
    45. UrchinUrchin
    46. OppressorDestroyerdone 10:56 · typical 5:10
    47. Naval Construction Turret
    48. Wind
    49. UrchinUrchin
    50. Mex
    51. Wind
    52. Advanced Metal ExtractorT2 mex
    53. Tidal ×2
    54. Wind
    55. Tidal ×2
    56. Death CavalryDeath Cavalry
    57. Tidal
    58. Wind
    59. Naval Radar / Sonar TowerNaval Radar / Sonar Tower
    60. Construction ShipCon ship
    61. Tidal ×3
    62. Death CavalryDeath Cavalry
    63. Wind
    64. Tidal
    65. UrchinUrchin
    66. Advanced Metal ExtractorT2 mex
    67. Wind
    68. Death CavalryDeath Cavalry
    69. Wind
    70. Naval Construction Turret
    71. Tidal
    72. Naval Construction Turret
    73. UrchinUrchin
    74. Tidal ×3
    75. Advanced ShipyardAdvanced Shipyarddone 12:51
    76. Tidal ×3
    77. Naval Energy Converter ×2
    78. Advanced Metal ExtractorT2 mex
    79. Naval Energy Converter ×2
    80. Advanced Construction SubAdvanced Construction Sub
    81. Naval Energy Converter
    82. PathfinderPathfinder
    83. Naval Energy Converter
    84. PathfinderPathfinder
    85. Naval Energy Converter
    86. Naval Advanced Metal ExtractorNaval Advanced Metal Extractordone 13:58
    87. PathfinderPathfinder
    88. Naval Energy Converter ×2
    89. Con turret
    90. Naval Radar / Sonar TowerNaval Radar / Sonar Tower
    91. OasisOasis
    92. Naval Advanced Metal ExtractorNaval Advanced Metal Extractor
    93. Con turret ×2
    94. Naval Advanced Metal ExtractorNaval Advanced Metal Extractor
    95. BuccaneerCruisernot finished by 15:00

Counts are medians over the build's games: half of them build more, half fewer. The example game is EpicTyrannus's (42 OS, 28/09/2026); pick another.

Team trades

IN AT LEAST 30% OF ITS GAMES

You hand over

  • Wind Turbine3 Wind to Airfirst at 1:52 · in 78% of games

You get

  • Finch1 Finch from Airfirst at 1:58 · in 82% of games
  • Lazarus1 Lazarus from Geofirst at 2:14 · in 62% of games
  • Hephaestus1 Heavy transport from Airfirst at 2:16 · in 68% of games
  • Construction Bot1 Con bot from Geofirst at 2:27 · in 69% of games
  • Hercules1 Light transport from Airfirst at 2:33 · in 32% of games
  • Advanced Construction Bot1 T2 con bot from Techfirst at 8:09 · in 88% of games

How it plays out

Typical game of this build, running totals by minute

Metal produced

010k20k30k
0:005:0010:0015:00

metal

Enemy metal destroyed

05k10k
0:005:0010:0015:00

metal

Own metal lost

02.5k5k7.5k
0:005:0010:0015:00

metal

860 games.

Show as table
ByMetal produced: This buildEnemy metal destroyed: This buildOwn metal lost: This build
1:0040300
2:0093700
3:00156700
4:0025252150
5:003701197100
6:005033535253
7:0064791089590
8:00807318231036
9:00968328441610
10:001158939952337
11:001381552163090
12:001635861623828
13:001916272054613
14:002195883165726
15:002496293126596
WHAT THE NUMBERS SAY

Standard Beach sea wins more than Geo sea's 50% and gets its Shipyard up faster, using early sea access before falling behind on land resources.

  • + Shipyard finishes by 1:57, faster than Geo sea's 3:18
  • + 54% team win rate beats the Cortex geo sea baseline
  • − Metal produced trails Geo sea's Cortex build, 24356 vs 28451 by 15:00
  • − T2 factory only lands in 35% of games by 12:42
THE EXAMPLE YOU ARE READING

EpicTyrannus

42.2 OS · 28/09/2026

Open source match ↗

7 received units · includes a constructor
291 metal received · 18756 energy received

Allied construction assistance is unknown. Timings are observations, not a promise of solo reproducibility.

Typical milestones

Shipyard1:57Middle 50%: 1:45–2:08 · n=858
Riptide3:52Middle 50%: 3:16–4:34 · n=846
Oppressor5:10Middle 50%: 4:13–6:08 · n=831
Advanced Metal Extractor9:57Middle 50%: 9:16–10:53 · n=731

Played most by

EpicTyrannus83games of this buildDamsko66games of this buildWaboum64games of this buildPRO_HYDRA58games of this buildMrCoolPotato51games of this build
Standard beach sea · Cortex Beach sea build order · BAR Build Atlas